 Dungeon Crawl Stone Soup version 0.31.0-11-ge490571c62 (webtiles) character file.

Game seed: 17878949529884009319

49 jasper the Chopper (level 3, -2/27 HPs)
             Began as a Vampire Gladiator on Jan 31, 2024.
             Slain by Natasha (6 damage)
             ... on level 2 of the Dungeon.
             The game lasted 00:01:37 (996 turns).

jasper the Chopper (Vampire Gladiator)               Turns: 996, Time: 00:01:38

Health: -2/27      AC:  3    Str: 15    XL:     3   Next: 53%
Magic:  3/3        EV: 12    Int: 10    God:
Gold:   65         SH:  0    Dex: 15    Spells: 2/2 levels left

rFire   . . .        a - +0 war axe
rCold   . . .        (no shield)
rNeg    . . .        b - +0 leather armour
rPois   +            (helmet restricted)
rElec   .            (no cloak)
rCorr   .            (no gloves)
SInv    +            (no boots)
Will    .....        (no amulet)
Stlth   +            (no ring)
HPRegen 0.44/turn    (no ring)
MPRegen 0.08/turn

%: no passive effects
@: attractive, healing quickly
A: alive, fangs 3, see invisible, vampiric 2, antennae 1, poison resistance
a: Exsanguinate


You were on level 2 of the Dungeon.
You visited 1 branch of the dungeon, and saw 2 of its levels.

You collected 65 gold pieces.

Inventory:

Hand Weapons
 a - a +0 war axe (weapon)
 i - a +0 war axe
Missiles
 d - 3 throwing nets
 e - a javelin
 m - 2 stones (quivered)
Armour
 b - a +0 leather armour (worn)
 c - a +1 helmet
 h - a +0 chain mail
Scrolls
 j - a scroll of poison {unknown}
 k - a scroll of immolation {unknown}
 o - a scroll of teleportation {unknown}
 p - a scroll of identify {unknown}
Potions
 n - a potion of curing {unknown}


   Skills:
 - Level 1.7 Fighting
 + Level 4.2 Axes
 - Level 1.5 Throwing
 - Level 3.2 Dodging


You had 2 spell levels left.
You didn't know any spells.
Your spell library contained the following spells:

 Spells                   Type           Power      Damage    Failure   Level
 Call Imp                 Summ           0%         N/A       56%         2
 Sublimation of Blood     Necr           0%         N/A       56%         2
 Summon Hydra             Summ           0%         N/A       100%        7


Dungeon Overview and Level Annotations

Branches:
Dungeon (2/15)

Altars:

Annotations:
D:2 Natasha


Innate Abilities, Weirdness & Mutations

Your natural rate of healing is accelerated.
You have razor-sharp teeth.
You have supernaturally acute eyesight. (SInv)
You are afflicted with vampirism and can become a bat while bloodless.
You have a pair of small antennae on your head.
Your system is resistant to poisons. (rPois)


Message History

You hit Natasha. You bite Natasha.
Natasha is lightly wounded.
You barely miss the cerulean imp. The cerulean imp closely misses you.
Natasha claws you but does no damage.
You barely miss Natasha.
Natasha is lightly wounded.
You closely miss the cerulean imp.
The cerulean imp hits you with a +2 spear.
Natasha claws you. The cerulean imp barely misses you.
Natasha claws you but does no damage.
You closely miss Natasha.
Natasha is lightly wounded.
You slash the cerulean imp!
The cerulean imp hits you with a +2 spear.
Natasha misses you.
The cerulean imp hits you but does no damage.
Natasha casts a spell.
It was a potion of mutation.
You feel extremely strange.
You feel resistant to poisons. A pair of antennae grows on your head!
Your +1 helmet falls away!
The cerulean imp misses you. Natasha casts a spell at you.
The magic dart hits you. The cerulean imp barely misses you.
The cerulean imp closely misses you. Natasha closely misses you.
It was a potion of attraction.
You feel attractive to monsters.
The cerulean imp hits you but does no damage.
The cerulean imp hits you with a +2 spear.
Natasha claws you.
The cerulean imp hits you with a +0 spear.
* * * LOW HITPOINT WARNING * * *
Unknown command.
It was a potion of cancellation.
Your magical effects are unravelling.
You feel magically purged.
You feel yourself speed up.
The cerulean imp hits you with a +2 spear.
* * * LOW HITPOINT WARNING * * *
Natasha misses you.
The cerulean imp barely misses you. x2; Natasha claws you.
You die...
Natasha curls up and begins to purr.

#......................#########
#......................#
#........#..###........#
#.......##^...#........#
#....##.#.....#........#
#.....##......#.########
.####....##....#.####
........#.##...5.5..#
.......##....##h@...#
.......#.....##.....#
#####........##.....#
#.#.##........### #.#.#
........# #.#.# #.#.....##
###.#'###.#......
###....<.##.#.....#
.##.....รท##.# #.# #######


You could see Natasha and 2 cerulean imps.

Vanquished Creatures
  Natasha (D:2)
  A dart slug (D:2)
  2 endoplasms
  A giant cockroach (D:2)
  2 goblins (D:2)
  3 hobgoblins
  4 jackals (D:1)
  A quokka (D:1)
  2 bats (D:2)
  2 kobolds
  A rat (D:1)
20 creatures vanquished.

Notes
Turn   | Place    | Note
-------+----------+-------------------------------------------
     0 | D:1      | jasper the Vampire Gladiator began the quest for the Orb.
     0 | D:1      | Reached XP level 1. HP: 16/16 MP: 1/1
    45 | D:1      | Reached skill level 3 in Axes
   113 | D:1      | Reached XP level 2. HP: 22/22 MP: 2/2
   876 | D:2      | Noticed Natasha
   888 | D:2      | Killed Natasha
   889 | D:2      | Reached skill level 4 in Axes
   889 | D:2      | Gained mutation: You are afflicted with vampirism and can
                  | become a bat while bloodless. [Vampire growth]
   889 | D:2      | Reached XP level 3. HP: 22/27 MP: 3/3
   984 | D:2      | Noticed Natasha
   994 | D:2      | Gained mutation: Your system is resistant to poisons.
                  | (rPois) [potion of mutation]
   994 | D:2      | Gained mutation: You have a pair of small antennae on your
                  | head. [potion of mutation]
   996 | D:2      | Slain by Natasha

Illustrated notes

Levels and vault maps discovered:
D:1:      ebering_trefoil_twist, layout_rooms
D:2:      layout_basic, ebering_ecumenical_altar_hall, minmay_tetromino_s4,
          uniq_natasha

Skill      XL: |  1  2 |
---------------+-------+-----
Axes           | 3 4 |  4.2
Fighting       | |  1.7
Throwing       | |  1.5
Dodging        | |  3.2

Action                     || total
---------------------------++-------
  Melee: War axe           ||    67
         Punch             ||     2
         Bite              ||     5
  Throw: Javelin           ||     1
    Use: Scroll            ||     1
         Potion            ||     3
 Armour: Leather armour    ||    71
  Dodge: Dodged            ||    62
